 Dungeon Crawl Stone Soup version 0.20-a0-454-g2b43fbb (webtiles) character file.

110 M4edhros the Insei (level 4, -4/27 HPs)
             Began as an Octopode Necromancer on Jan 9, 2017.
             Slain by Natasha (8 damage)
             ... on level 4 of the Dungeon.
             The game lasted 00:03:30 (579 turns).

M4edhros the Insei (Octopode Necromancer)            Turns: 579, Time: 00:03:31

Health: -4/27      AC:  1    Str:  7    XL:     4   Next: 91%
Magic:  0/7        EV: 13    Int: 17    God:
Gold:   90         SH:  0    Dex: 13    Spells: 2/7 levels left

rFire  . . .     SeeInvis .       - Unarmed
rCold  . . .     Gourm    .     (no shield)
rNeg   . . .     Faith    .     (helmet restricted)
rPois  .         Spirit   +     e - amulet of guardian spirit
rElec  .         Reflect  .     g - ring of teleportation (curse)
rCorr  .         Harm     .     (no ring)
MR     .....     Rnd*Tele +     (no ring)
Stlth  +++.......               (no ring)
                                (no ring)
                                (no ring)
                                (no ring)
                                (no ring)

@: no status effects
A: almost no armour, stealthy swim, amphibious, 8 rings, constrict 8, camouflage
1, gelatinous body 1
a: no special abilities


You were on level 4 of the Dungeon.
You were not hungry.

You visited 1 branch of the dungeon, and saw 4 of its levels.

You collected 90 gold pieces.

Inventory:

Missiles
 i - 5 javelins (quivered)
Jewellery
 e - an amulet of guardian spirit (around mantle)
 g - a cursed ring of teleportation (left tentacle)
Scrolls
 d - a scroll of remove curse {unknown}
 j - a scroll of noise {unknown}
Books
 a - a book of Necromancy

   Spells                             Type                      Level
   a - Pain                           Necromancy                   1
   b - Animate Skeleton               Necromancy                   1
   c - Vampiric Draining              Necromancy                   3
   d - Regeneration                   Charms/Necromancy            3
   e - Animate Dead                   Necromancy                   4
   f - Control Undead                 Necromancy                   4
Comestibles
 b - 2 bread rations
 c - 11 chunks of flesh
 f - a beef jerky
 h - a meat ration


   Skills:
 - Level 2.0 Dodging
 - Level 2.6 Stealth
 + Level 4.3 Unarmed Combat
 - Level 2.0 Spellcasting
 - Level 4.0 Necromancy


You had 2 spell levels left.
You knew the following spells:

 Your Spells              Type           Power        Failure   Level  Hunger
a - Pain                  Necr           ###.         3%          1    #......
b - Animate Skeleton      Necr           N/A          3%          1    #......
c - Regeneration          Chrm/Necr      #.........   24%         3    ###....


Dungeon Overview and Level Annotations

Branches:
Dungeon (4/15)
 Temple: D:4-7

Altars:
Kikubaaqudgha

Annotations:
D:4 Natasha


Innate Abilities, Weirdness & Mutations

You cannot wear most types of armour.
You are very stealthy in the water. (Stealth+)
You are amphibious.
You can wear up to eight rings at the same time.
You can use your tentacles to constrict eight enemies at once.
Your skin changes colour to match your surroundings (Stealth+).
Your rubbery body absorbs attacks. (AC +1, EV +1)


Message History

c - 11 chunks of flesh (gained 2) Unknown command.
There is an open door here.
Natasha, Servant of Life and Death comes into view.
Natasha hisses angrily.
Natasha claws you!
You tentacle-slap Natasha. Your grab misses Natasha.
Natasha is heavily wounded.
Natasha claws you.
You barely miss Natasha. Your grab misses Natasha.
Natasha is heavily wounded.
Natasha claws you!
* * * LOW HITPOINT WARNING * * *
Casting: Animate Skeleton
Confirm with . or Enter, or press ? or * to list all spells.
Aiming: Pain
Press: ? - help, Shift-Dir - straight line, f - Natasha
Aim: Natasha (heavily wounded, chance to defeat MR: 73%) Natasha struggles to resist.
Natasha claws you!
You die...

#...# #. #...# #.
#...# ## #...#
#...# #
+#######...##.#.#
...........'.p..#
.....(.Z...##.#..
.......@#'##
#.....h.#.#
##......#.#
##.....#.#
##....#.#
.....#.#
..#####.# ..# #.#
#.############


You could see a slave (sleeping), Natasha and a friendly slave skeleton.

Vanquished Creatures
  A slave (D:4)
  Jessica (D:2)
  A worker ant (D:4)
  2 adders
  An ooze (D:1)
  A worm (D:2)
  A leopard gecko (D:1)
  5 orcs (D:4)
  2 goblins
  4 hobgoblins
  3 jackals (D:1)
  4 bats (D:1)
  2 frilled lizards
  3 kobolds
  2 rats (D:1)
33 creatures vanquished.

Vanquished Creatures (collateral kills)
  A goblin (D:1)
1 creature vanquished.

Grand Total: 34 creatures vanquished

Notes
Turn   | Place    | Note
-------+----------+-------------------------------------------
     0 | D:1      | M4edhros the Octopode Necromancer began the quest for the Orb.
     0 | D:1      | Reached XP level 1. HP: 11/11 MP: 3/3
    61 | D:1      | Reached skill level 1 in Unarmed Combat
    85 | D:1      | Reached XP level 2. HP: 7/17 MP: 1/5
   105 | D:1      | Learned a level 1 spell: Animate Skeleton
   145 | D:1      | Reached XP level 3. HP: 6/21 MP: 0/6
   150 | D:1      | Learned a level 3 spell: Regeneration
   209 | D:2      | Noticed Jessica
   236 | D:2      | Killed Jessica
   256 | D:2      | Found an ancient bone altar of Kikubaaqudgha.
   301 | D:2      | Reached XP level 4. HP: 17/27 MP: 0/7
   546 | D:4      | Noticed a slave
   546 | D:4      | Noticed a slave
   560 | D:4      | Killed a slave
   574 | D:4      | Noticed Natasha
   579 | D:4      | Slain by Natasha

Vault maps used:
D:1:      lightli_arrival_isolated_outpost
D:2:      kiku_gazebo_garden_becter, tgw_trog, uniq_jessica, uniq_robin
D:3:      nicolae_overflow_hidden_temple, nemelex_xobeh_ov_fountains_minmay,
          first_bread, nrook_mini_backslash, st_stairs_13
D:4:      enter_ossuary_5, minivault_25, uniq_pikel, uniq_natasha, uniq_edmund

Skill      XL: |  1  2  3  4 |
---------------+-------------+-----
Unarmed Combat | 1 2 3 4 |  4.3
Dodging        | |  2.0
Stealth        | |  2.6
Spellcasting   | |  2.0
Necromancy     | |  4.0

Action                   |  1- 3 |  4- 6 || total
-------------------------+-------+-------++-------
Melee: Unarmed           |    32 |    41 ||    73
       Constrict         |     7 |    10 ||    17
       Tentacles         |     5 |    12 ||    17
 Cast: Pain              |    13 |     7 ||    20
       Animate Skeleton  |     2 |     5 ||     7
       Regeneration      |     2 |     3 ||     5
  Use: Potion            |     2 |     1 ||     3
 Stab: Sleeping          |     1 |     1 ||     2
Armor: Skin              |     3 |     3 ||     6
Dodge: Dodged            |    31 |    16 ||    47
